 Dungeon Crawl Stone Soup version 0.17.0-15-g6d90897 (webtiles) character file.

1226 Ijustatesigmund the Sneak (level 8, 0/50 HPs)
             Began as an Octopode Wizard on Nov 10, 2015.
             Was a Follower of Okawaru.
             Slain by a giant frog (6 damage)
             ... on level 6 of the Dungeon.
             The game lasted 00:26:09 (7582 turns).

Ijustatesigmund the Sneak (Octopode Wizard)         Turns: 7582, Time: 00:26:09

Health: 0/50       AC:  7    Str:  6    XL:     8   Next: 47%
Magic:  12/12      EV: 12    Int: 21    God:    Okawaru [*.....]
Gold:   463        SH:  0    Dex: 12    Spells: 5 memorised, 3 levels left

rFire  . . .     SeeInvis .     l - +4 short sword (protect)
rCold  . . .     Clarity  .     (no shield)
rNeg   + + .     SustAt   .     a - +1 hat
rPois  .         Gourm    .     s - amulet of warding
rElec  .         Spirit   .     k - ring of positive energy
rCorr  .         Warding  +     (no ring)
rMut   .         Stasis   .     (no ring)
MR     .....                    (no ring)
Stlth  ++++......               (no ring)
                                (no ring)
                                (no ring)
                                (no ring)

@: very slightly contaminated, hasted, repel missiles, very quick, not resistant
to hostile enchantments, stealthy
A: almost no armour, amphibious, 8 rings, constrict 8, camouflage 1, gelatinous
body 1
a: Heroism, Renounce Religion


You were on level 6 of the Dungeon.
You worshipped Okawaru.
Okawaru was aware of your devotion.
You were not hungry.

You visited 2 branches of the dungeon, and saw 7 of its levels.
You also visited: Sewer.

You collected 463 gold pieces.

Inventory:

Hand Weapons
 f - a +1 dagger of venom
 l - a +4 short sword of protection (weapon)
 n - a +0 blowgun
Missiles
 q - 27 poisoned needles
Armour
 a - a +1 hat (worn)
Jewellery
 d - an uncursed ring of fire
 k - a ring of positive energy (left tentacle)
 s - an amulet of warding (around mantle)
Wands
 p - a wand of digging (12)
Scrolls
 r - 4 scrolls of remove curse
Potions
 e - 3 potions of lignification
 j - a potion of haste
 m - a potion of agility {unknown}
 o - a potion of cure mutation
 t - a potion of curing
 u - a potion of heal wounds {unknown}
 v - 2 potions of flight {unknown}
Books
 b - a book of Minor Magic

   Spells                             Type                      Level
   a - Magic Dart                     Conjuration                  1
   b - Blink                          Translocation                2
   c - Call Imp                       Summoning                    2
   d - Repel Missiles                 Charms/Air                   2
   e - Slow                           Hexes                        2
   f - Conjure Flame                  Conjuration/Fire             3
   g - Mephitic Cloud                 Conjuration/Poison/Air       3
Comestibles
 c - 5 bread rations
 g - 3 meat rations
 h - a slice of pizza


   Skills:
 - Level 2.0 Fighting
 - Level 3.0 Short Blades
 * Level 2.3 Throwing
 - Level 2.0 Dodging
 - Level 6.0 Stealth
 - Level 3.0 Spellcasting
 + Level 4.7 Conjurations
 - Level 1.0 Summonings
 - Level 2.0 Translocations
 + Level 4.0 Air Magic
 - Level 2.6 Poison Magic
 + Level 2.9 Invocations


You had 3 spell levels left.
You knew the following spells:

 Your Spells              Type           Power        Failure   Level  Hunger
a - Magic Dart            Conj           ###.         1%          1    None
b - Blink                 Tloc           N/A          12%         2    ##.....
c - Repel Missiles        Chrm/Air       ##....       12%         2    ##.....
d - Mephitic Cloud        Conj/Pois/Air  ###.....     10%         3    ###....
e - Call Imp              Summ           #.......     14%         2    ##.....


Dungeon Overview and Level Annotations

Branches:
Dungeon (6/15)             Temple (1/1) D:4

Altars:
Ashenzari
Cheibriados
Dithmenos
Elyvilon
Fedhas
Gozag
Kikubaaqudgha
Nemelex Xobeh
Okawaru
Ru
Trog
Vehumet
Xom
Yredelemnul
Zin
The Shining One

Shops:
D:6 }


Innate Abilities, Weirdness & Mutations

You cannot wear most types of armour.
You are amphibious.
You can wear up to eight rings at the same time.
You can use your tentacles to constrict eight enemies at once.
Your skin changes colour to match your surroundings (Stealth).
Your rubbery body absorbs attacks (AC +1).


Message History

Okay, then.
Read which item? (? for menu, Esc to quit)
Okay, then.
Drink which item? (? for menu, Esc to quit)
You feel better. The centaur hits you.
* * * LOW HITPOINT WARNING * * *
Drink which item? (? for menu, Esc to quit)
You feel yourself speed up. The centaur barely misses you.
The centaur hits you.
* * * LOW HITPOINT WARNING * * *
You are very lightly contaminated with residual magic.
You hit the centaur.
The centaur is severely wounded.
The giant frog hits you.
* * * LOW HITPOINT WARNING * * *
The centaur hits you but does no damage.
You hit the centaur.
The centaur is almost dead.
The giant frog hits you.
You die... ##### ###F...## #...PP..# #..PPPP.# ###### #.PPcPP.#

##..... #.P@P.P.##
##...... #.PFPPP..##
#....... #.........#
#....>..
#.........###.......
##..................
#........###.......
##.)....## #.......
######..<###......
###..###.....


You could see a giant frog and a centaur.

Vanquished Creatures
  Sigmund (D:5)
  An ice beast (D:6)
  A centaur (D:6)
  A big kobold (Sewer)
  A scorpion (D:4)
  A crimson imp (D:6)
  A jelly (D:5)
  A gnoll shaman (D:5)
  A hound (D:6)
  3 orc priests
  A giant frog skeleton (D:4)
  4 orc wizards
  5 worker ants
  A hound skeleton (D:4)
  A worker ant zombie (D:4)
  8 gnolls
  2 river rats
  6 adders
  2 oozes
  4 worms
  7 giant geckos
  18 orcs
  8 bats
  5 hobgoblins
  7 jackals
  A quokka (D:6)
  5 ball pythons
  6 giant cockroaches
  2 giant newts
  7 goblins
  10 kobolds
  10 rats
  2 fungi (D:5)
134 creatures vanquished.

Notes
Turn   | Place    | Note
--------------------------------------------------------------
     0 | D:1      | Ijustatesigmund the Octopode Wizard began the quest for the Orb.
     0 | D:1      | Reached XP level 1. HP: 11/11 MP: 4/4
   216 | D:1      | Reached XP level 2. HP: 17/17 MP: 1/6
   220 | D:1      | Learned a level 2 spell: Blink
   267 | D:1      | Learned a level 2 spell: Repel Missiles
   589 | D:1      | Reached XP level 3. HP: 19/21 MP: 5/7
  1259 | D:2      | Found a sacrificial altar of Ru.
  1271 | D:2      | Reached skill level 4 in Stealth
  1371 | D:2      | Reached skill level 1 in Short Blades
  1646 | D:2      | Reached XP level 4. HP: 27/27 MP: 0/8
  1651 | D:2      | Learned a level 3 spell: Mephitic Cloud
  1774 | D:2      | Found a glowing golden altar of the Shining One.
  1823 | D:3      | Found a bloodstained altar of Trog.
  1994 | D:3      | Found an opulent altar of Gozag.
  1994 | D:3      | Found a sparkling altar of Nemelex Xobeh.
  2494 | D:3      | Found a white marble altar of Elyvilon.
  2558 | D:3      | Reached skill level 1 in Poison Magic
  2558 | D:3      | Reached XP level 5. HP: 26/31 MP: 1/9
  3097 | D:4      | Reached skill level 1 in Air Magic
  3688 | D:4      | Reached skill level 5 in Stealth
  3688 | D:4      | Reached XP level 6. HP: 24/36 MP: 7/10
  4619 | D:4      | Found a staircase to the Ecumenical Temple.
  4629 | D:4      | Reached XP level 7. HP: 10/41 MP: 11/11
  4647 | D:4      | Reached skill level 6 in Stealth
  4882 | Temple   | Entered the Ecumenical Temple
  4936 | Temple   | Became a worshipper of Warmaster Okawaru
  5167 | D:5      | Entered Level 5 of the Dungeon
  5199 | D:5      | Reached skill level 1 in Invocations
  5600 | D:5      | Noticed Sigmund
  5615 | D:5      | Killed Sigmund
  5615 | D:5      | Reached skill level 1 in Fighting
  5765 | D:5      | Reached * piety under Okawaru
  5765 | D:5      | Reached XP level 8. HP: 29/48 MP: 9/12
  5925 | D:5      | Found a shattered altar of Ashenzari.
  6187 | D:5      | Found a sacrificial altar of Ru.
  6284 | D:5      | Learned a level 2 spell: Call Imp
  6858 | D:6      | Found a glowing drain.
  6862 | Sewer    | Entered a sewer
  7021 | Sewer    | Found a white marble altar of Elyvilon.
  7185 | D:6      | Reached skill level 1 in Throwing
  7334 | D:6      | Found Zipimne's Gadget Boutique.
  7550 | D:6      | Found a blossoming altar of Fedhas.
  7582 | D:6      | Slain by a giant frog

Action                   |  1- 3 |  4- 6 |  7- 9 || total
-------------------------+-------+-------+-------++-------
Melee: Hand axe          |    16 |       |       ||    16
       Short sword       |    21 |    84 |   134 ||   239
 Fire: Blowgun           |       |     6 |    24 ||    30
 Cast: Magic Dart        |    76 |    46 |     5 ||   127
       Repel Missiles    |     1 |     1 |     3 ||     5
       Blink             |       |     1 |     2 ||     3
       Mephitic Cloud    |       |       |     4 ||     4
Invok: Heroism           |       |       |     1 ||     1
  Use: Scroll            |    10 |     2 |     6 ||    18
       Potion            |       |     1 |     8 ||     9
 Stab: Sleeping          |     9 |    11 |    12 ||    32
       Distracted        |       |     1 |       ||     1
  Eat: Chunk             |     2 |     8 |     8 ||    18
       Beef jerky        |       |     1 |     3 ||     4
